 Dungeon Crawl Stone Soup version 0.24.0-123-gd5b16e6ec5 (webtiles) character file.

Game seed: 15491702845450493264, levelgen mode: deterministic

1115 Elellon the Cleaver (level 8, -2/73 HPs)
             Began as a Deep Dwarf Fighter on Dec 31, 2019.
             Was a Follower of Makhleb.
             Killed by divine providence
             ... invoked by an orc priest
              (15 damage)
             ... on level 6 of the Dungeon.
             The game lasted 00:18:39 (3836 turns).

Elellon the Cleaver (Deep Dwarf Fighter)            Turns: 3836, Time: 00:18:39

Health: -2/73      AC: 13    Str: 21    XL:     8   Next: 12%
Magic:  7/7        EV:  4    Int: 13    God:    Makhleb [*.....]
Gold:   207        SH:  9    Dex: 12    Spells: 7/7 levels left

rFire    + . .     SeeInvis .   a - +0 war axe
rCold    . . .     Gourm    .   c - +0 shield
rNeg     . . .     Faith    .   r - +0 plate armour
rPois    .         Spirit   .   w - +0 helmet {Int+3}
rElec    .         Reflect  .   B - scarf {repulsion}
rCorr    .         Harm     .   (no gloves)
MR       +....                  (no boots)
Stlth    ..........             (no amulet)
HPRegen  0.00/turn              v - ring of protection from cold
MPRegen  0.10/turn              A - ring of fire

@: non-regenerating, repel missiles
A: damage resistance, heal wounds, sense surroundings 1, no regeneration
a: Heal Wounds, Renounce Religion


You were on level 6 of the Dungeon.
You worshipped Makhleb.
Makhleb was aware of your devotion.
You were not hungry.

You visited 1 branch of the dungeon, and saw 6 of its levels.

You collected 207 gold pieces.

Inventory:

Hand Weapons
 a - a +0 war axe (weapon)
Missiles
 e - 260 stones (quivered)
Armour
 b - a +0 cloak
 c - a +0 shield (worn)
 r - a +0 plate armour (worn)
 w - a +0 helmet of intelligence (worn)
 B - a scarf of repulsion (worn)
Jewellery
 v - a ring of protection from cold (left hand)
 A - a ring of fire (right hand)
 C - a cursed ring of resist corrosion {unknown}
Wands
 l - a wand of iceblast (21)
Scrolls
 g - 6 scrolls of identify
 j - 4 scrolls of remove curse
 q - 4 scrolls of noise {unknown}
 s - 2 scrolls of teleportation
 t - a scroll of enchant weapon {unknown}
 u - a scroll of amnesia {unknown}
 x - 2 scrolls of fear {unknown}
 y - a scroll of blinking {unknown}
 D - a scroll of fog {unknown}
Potions
 d - 3 potions of might
 h - 2 potions of cancellation {unknown}
 i - 5 potions of curing
 k - a potion of berserk rage {unknown}
 m - a potion of degeneration {unknown}
 n - a potion of flight {unknown}
 o - a potion of agility {unknown}
 p - 3 potions of ambrosia {unknown}
 z - 3 potions of mutation {unknown}
Comestibles
 f - 17 rations


   Skills:
 + Level 4.6 Fighting
 * Level 8.5 Axes
 + Level 5.0 Armour
 - Level 1.3 Dodging
 - Level 0.1 Stealth
 - Level 3.9 Shields


You had 7 spell levels left.
You didn't know any spells.
Your spell library contained the following spells:

 Spells                   Type           Power        Failure   Level  Hunger
 Confusing Touch          Hex            #.....       100%        1    ##.....
 Corona                   Hex            #......      100%        1    ##.....
 Ensorcelled Hibernation  Hex/Ice        #.....       100%        2    ###....
 Poisonous Vapours        Pois/Air       #.....       100%        2    ###....
 Confuse                  Hex            #.......     100%        3    ####...
 Conjure Flame            Conj/Fire      #.......     100%        3    ####...
 Dazzling Spray           Conj/Hex       #.....       100%        3    ####...
 Gell's Gravitas          Tloc           #.........   100%        3    ####...
 Mephitic Cloud           Conj/Pois/Air  #.......     100%        3    ####...
 Tukima's Dance           Hex            #.......     100%        3    ####...
 Petrify                  Tmut/Erth      #.......     100%        4    #####..
 Metabolic Englaciation   Hex/Ice        #.........   100%        5    ######.
 Yara's Violent Unravell  Hex/Tmut       #.........   100%        5    ######.
 Freezing Cloud           Conj/Ice/Air   #.........   100%        6    #######
 Ring of Flames           Chrm/Fire      #.........   100%        7    #######


Dungeon Overview and Level Annotations

Branches:
Dungeon (6/15)
 Temple: D:4-7

Altars:
Makhleb
Okawaru
Uskayaw

Annotations:
D:3 3 runed translucent doors, exclusion: 3 doors, diiiiiane's ghost, amateur OpAs


Innate Abilities, Weirdness & Mutations

You are resistant to damage.
You can heal yourself by infusing magical energy.
You passively map a small area around you.
You do not regenerate.


Message History

The weapon returns to the orc warrior!
The orc priest looks encouraged for a moment.
The orc warrior hits you with a +0 hand axe!
You are too injured to fight recklessly!
You are too injured to fight recklessly!
You are too injured to fight recklessly!
You are too injured to fight recklessly!
You are too injured to fight recklessly!
You are too injured to fight recklessly!
You are too injured to fight recklessly!
You closely miss the orc warrior.
The orc priest begins to cast a cantrip, but forgets the words!
You block the orc warrior's attack.
You hit the orc warrior but do no damage.
The orc warrior hits you with a +0 hand axe!
* * * LOW HITPOINT WARNING * * *
You completely miss the orc warrior.
The orc priest invokes the aid of Beogh against you.
Beogh smites you!
You die...

* * , , #.# #.# *
#.# * #.# , ###
#o# , ...,* #o# *
** #.# * #o# * #.#
#@# #.# #.#
####### #.# #.#
......## #.# #$#
.###...###.#####.#
.##..#........##.#
.##.>..###.##.##.#
...........##.##.#
........#####.##.#


You could see an orc warrior and 2 orc priests.

Vanquished Creatures
  Grinder (D:4)
  An ice beast (D:4)
  A centaur (D:5)
  A big kobold (D:5)
  2 bullfrogs (D:6)
  2 hounds
  2 orc priests
  3 orc wizards (D:3)
  2 worker ants (D:4)
  A hound zombie (D:6)
  A hound skeleton (D:4)
  Robin (D:4)
  8 adders
  8 gnolls (D:4)
  An ooze (D:3)
  An adder skeleton (D:6)
  3 worms
  2 dart slugs
  3 leopard geckos
  5 orcs
  6 giant cockroaches
  14 goblins
  12 hobgoblins
  4 jackals (D:6)
  A quokka (D:3)
  A bat (D:3)
  4 frilled lizards
  A jackal skeleton (D:5)
  13 kobolds
  6 rats
111 creatures vanquished.

Notes
Turn   | Place    | Note
-------+----------+-------------------------------------------
     0 | D:1      | Elellon the Deep Dwarf Fighter began the quest for the Orb.
     0 | D:1      | Reached XP level 1. HP: 20/20 MP: 1/1
   105 | D:1      | Reached XP level 2. HP: 25/27 MP: 2/2
   196 | D:1      | You fall into a shaft and drop 1 floor!
   678 | D:2      | Reached skill level 1 in Dodging
   678 | D:2      | Reached XP level 3. HP: 23/34 MP: 3/3
   710 | D:2      | Reached skill level 3 in Axes
  1269 | D:3      | Found a runed translucent gate.
  1269 | D:3      | Found a runed translucent gate.
  1269 | D:3      | Found a runed translucent gate.
  1269 | D:3      | Noticed a big kobold
  1269 | D:3      | Noticed diiiiiane's ghost (amateur OpAs)
  1269 | D:3      | Noticed a big kobold
  1370 | D:3      | Reached XP level 4. HP: 24/42 MP: 4/4
  1466 | D:3      | Reached skill level 4 in Axes
  1471 | D:3      | Reached XP level 5. HP: 12/49 MP: 5/5
  1927 | D:4      | Noticed an ice beast
  1998 | D:4      | Noticed Robin
  2115 | D:4      | Reached XP level 6. HP: 52/57 MP: 6/6
  2138 | D:4      | Reached skill level 5 in Axes
  2156 | D:4      | Killed Robin
  2485 | D:4      | Noticed Grinder
  2497 | D:4      | Paralysed by Grinder for 5 turns
  2500 | D:4      | HP: 2/57 [Grinder/nerve-wracking pain (12)]
  2511 | D:4      | Paralysed by Grinder for 5 turns
  2525 | D:4      | Killed Grinder
  2525 | D:4      | Reached skill level 6 in Axes
  2525 | D:4      | Reached XP level 7. HP: 13/64 MP: 7/7
  2807 | D:4      | Reached skill level 7 in Axes
  2856 | D:5      | Entered Level 5 of the Dungeon
  2870 | D:5      | Found a burning altar of Makhleb.
  2971 | D:5      | Found a hide-covered altar of Uskayaw.
  2977 | D:5      | Became a worshipper of Makhleb the Destroyer
  3185 | D:5      | Found an iron altar of Okawaru.
  3667 | D:6      | Reached skill level 8 in Axes
  3667 | D:6      | Reached XP level 8. HP: 40/73 MP: 8/8
  3676 | D:6      | Reached skill level 5 in Armour
  3758 | D:6      | Reached * piety under Makhleb
  3836 | D:6      | Killed from afar by an orc priest

Levels and vault maps discovered:
D:1:      saegor_arrival_miasma, layout_loops_ring
D:2:      layout_basic
D:3:      layout_loops_ring, gammafunk_ghost_nasty_kobolds
D:4:      layout_gridville, grunt_ministairs_2, uniq_grinder, uniq_robin
D:5:      cheibrodos_thug_alley, layout_loops_ring, lemuel_doored_altar,
          chequers_temple_overflow_statue_of_worship, first_ration
D:6:      layout_loops_ring, nicolae_overflow_hidden_temple, enter_ossuary_5

Skill      XL: |  1  2  3  4  5  6  7  8 |
---------------+-------------------------+-----
Fighting       | 3 4 |  4.6
Dodging        | 1 |  1.3
Axes           | 3 4 6 8 |  8.5
Armour         | 4 5 |  5.0
Stealth        | |  0.1
Shields        | |  3.9

Action                   |  1- 3 |  4- 6 |  7- 9 || total
-------------------------+-------+-------+-------++-------
Melee: War axe           |   102 |   166 |   139 ||   407
 Abil: Heal Wounds       |       |     5 |     3 ||     8
  Use: Scroll            |       |     3 |       ||     3
  Eat: Chunk             |     2 |     4 |     4 ||    10
Armor: Scale mail        |    41 |    67 |       ||   108
       Plate armour      |       |    28 |    79 ||   107
Dodge: Dodged            |    27 |    36 |    22 ||    85
       Deflected         |       |       |     1 ||     1
Block: Shield            |    40 |    85 |    73 ||   198
